 Dungeon Crawl Stone Soup version 0.30-a0-23-ge60ba3568b (webtiles) character file.

Game seed: 6160021270644375062

40 ytrimaz the Insei (level 3, -3/23 HPs)
             Began as an Octopode Transmuter on Aug 25, 2022.
             Shot with a sling bullet by a goblin (5 damage)
             ... led by Robin
             ... on level 2 of the Dungeon.
             The game lasted 00:01:06 (1362 turns).

ytrimaz the Insei (Octopode Transmuter)             Turns: 1362, Time: 00:01:07

Health: -3/23      AC:  1    Str:  9    XL:     3   Next: 50%
Magic:  3/7        EV: 13    Int: 17    God:
Gold:   47         SH:  0    Dex: 12    Spells: 1/7 levels left

rFire   . . .      SeeInvis .      - Unarmed
rCold   . . .      Faith    .    (no shield)
rNeg    . . .      Spirit   .    (helmet restricted)
rPois   .          Reflect  .    (no amulet)
rElec   .          Harm     .    (no ring)
rCorr   .          Rampage  .    (no ring)
Will    .....                    (no ring)
Stlth   ++........               (no ring)
HPRegen 0.07/turn                (no ring)
MPRegen 0.10/turn                (no ring)
                                 (no ring)
                                 (no ring)

@: wereblooded
A: almost no armour, amphibious, 8 rings, camouflage 1, gelatinous body 1,
(nimble swimmer 1), tentacles
a: no special abilities


You were on level 2 of the Dungeon.
You visited 1 branch of the dungeon, and saw 2 of its levels.

You collected 47 gold pieces.

Inventory:

Scrolls
 b - a scroll of brand weapon {unknown}
 c - 2 scrolls of vulnerability
Potions
 a - a potion of lignification


   Skills:
 - Level 1.0 Fighting
 - Level 2.0 Dodging
 + Level 3.6 Unarmed Combat
 * Level 2.6 Spellcasting
 * Level 2.4 Transmutations


You had one spell level left.
You knew the following spells:

 Your Spells              Type           Power      Damage    Failure   Level
a - Beastly Appendage     Tmut           20%        N/A       7%          1
b - Wereblood             Tmut           10%        N/A       10%         2
c - Spider Form           Tmut/Pois      6%         N/A       32%         3

Your spell library contained the following spells:

 Spells                   Type           Power      Damage    Failure   Level
 Poisonous Vapours        Pois/Air       4%         N/A       28%         2
 Ice Form                 Ice/Tmut       6%         N/A       73%         4
 Corpse Rot               Necr/Pois/Air  2%         N/A       88%         4


Dungeon Overview and Level Annotations

Branches:
Dungeon (2/15)

Altars:

Annotations:
D:2 Robin


Innate Abilities, Weirdness & Mutations

You cannot wear most types of armour.
You are amphibious.
You can wear up to eight rings at the same time.
Your skin changes colour to match your surroundings (Stealth+).
Your rubbery body absorbs attacks. (AC +1, EV +1)
((You are camouflaged when in or above water. (Stealth+)))
You have tentacles for arms and can constrict up to eight enemies at once.


Message History

You barely miss the goblin. Your grab misses the goblin.
Your tentacle spike misses the goblin.
You tentacle-slap the goblin, but do no damage.
The goblin closely misses you. Robin throws the goblin at you!
Unknown command.
You tentacle-slap the goblin.
You feel a bit better.
You kill the goblin!
The goblin hits you with a +0 club.
Unknown command.
You tentacle-slap the goblin. Your grab misses the goblin.
Your tentacle spike misses the goblin.
You squeeze the goblin.
You feel a bit better.
You kill the goblin!
No target in view!
Unknown command.
Items here: ))) †.
You howl as the wereblood boils in your veins!
The goblin shouts!
Robin zaps a wand.
The puff of flame hits you!
Items here: ( ))))) ††.
The goblin unwields a +0 club.
The goblin wields a +0 sling of flaming.
It bursts into flame!
The goblin shoots a sling bullet.
The sling bullet hits you. The sling bullet burns you.
You are too injured to fight recklessly!
You tentacle-slap Robin but do no damage.
You grab Robin.
You pierce Robin.
Robin is lightly wounded.
Your tentacle spike disappears.
You constrict Robin, but do no damage.
Robin zaps a wand.
The puff of flame misses you.
The goblin shoots a sling bullet.
The sling bullet barely misses you.
You tentacle-slap Robin. Your squeeze misses Robin.
Robin is moderately wounded.
You howl as the wereblood boils in your veins!
You constrict Robin, but do no damage.
Robin zaps a wand.
The puff of flame hits you!
* * * LOW HITPOINT WARNING * * *
The goblin shoots a sling bullet.
The sling bullet hits you.
You die...

....)........#######.###...
##...$......#.........#
#### ###.)#....##...
.######.## #
........g....##....
#..##### ##.....!.......#
##...... #............#
#.##... #..<.......#
#.##... #.........g####
#.##>.. ##########@)).####
#.##### ####)...####.#
####......# ########


You could see Robin and a goblin (strong).

Vanquished Creatures
  A worm (D:2)
  A dart slug (D:1)
  2 bats
  An endoplasm (D:1)
  10 goblins
  7 hobgoblins (D:1)
  2 quokkas
  A frilled lizard (D:1)
  3 kobolds
  3 rats (D:1)
31 creatures vanquished.

Notes
Turn   | Place    | Note
-------+----------+-------------------------------------------
     0 | D:1      | ytrimaz the Octopode Transmuter began the quest for the
                  | Orb.
     0 | D:1      | Reached XP level 1. HP: 13/13 MP: 3/3
   146 | D:1      | Reached XP level 2. HP: 2/18 MP: 5/5
  1177 | D:2      | Noticed Robin
  1215 | D:2      | Reached XP level 3. HP: 22/23 MP: 6/6
  1218 | D:2      | Learned a level 2 spell: Wereblood
  1224 | D:2      | Learned a level 3 spell: Spider Form
  1362 | D:2      | Shot with a sling bullet by a goblin

Illustrated notes

Levels and vault maps discovered:
D:1:      minmay_arrival_jagged, layout_loops_ring
D:2:      kennysheep_big_flooded_room, layout_rooms,
          nicolae_ecumenical_oubliette, uniq_terence, uniq_robin

Action                   || total
-------------------------++-------
Melee: Unarmed           ||    57
       Constrict         ||    15
       Tentacles         ||    10
       Kick              ||    12
       Punch             ||     1
 Cast: Beastly Appendage ||    13
       Wereblood         ||     2
  Use: Scroll            ||     3
 Stab: Sleeping          ||     5
Armor: Skin              ||     7
Dodge: Dodged            ||    32

Table legend: (Time is in decaauts)
 A = Elapsed time spent in this place.
 B = Non-inter-level travel time spent in this place.
 C = Inter-level travel time spent in this place.
 D = Time resting spent in this place.
 E = Time spent auto-exploring this place.
 F = Levels seen in this place.
 G = Mean time per level.
                   A        B        C        D        E       F      G
               +--------+--------+--------+--------+--------+-----+--------+
         Total |   1359 |   1320 |     39 |      0 |   1106 |   2 |  679.5 |
       Dungeon |   1359 |   1320 |     39 |      0 |   1106 |   2 |  679.5 |
               +--------+--------+--------+--------+--------+-----+--------+

Top non-repeatable levels by time:
     D:1: 1204 daAuts
     D:2: 154 daAuts
